 Dungeon Crawl Stone Soup version 0.30-a0-691-g754fce4c43 (webtiles) character file.

Game seed: 7398433803617347984

168 ASSMAN the Slasher (level 5, -7/46 HPs)
             Began as a Draconian Gladiator on Jan 20, 2023.
             Killed from afar by Ijyb (15 damage)
             ... with a bolt of dispelling energy
             ... on level 3 of the Dungeon.
             The game lasted 00:02:27 (1803 turns).

ASSMAN the Slasher (Draconian Gladiator)            Turns: 1803, Time: 00:02:28

Health: -7/46      AC:  6    Str: 18    XL:     5   Next: 24%
Magic:  5/5        EV: 13    Int:  9    God:
Gold:   109        SH:  0    Dex: 12    Spells: 4/4 levels left

rFire   . . .      SeeInvis .    a - +0 long sword
rCold   . . .      Faith    .    (no shield)
rNeg    . . .      Spirit   .    (body armour unavailable)
rPois   .          Reflect  .    b - +0 hat
rElec   .          Harm     .    (no cloak)
rCorr   .          Rampage  .    k - +0 pair of gloves
Will    .....                    (no boots)
Stlth   +                        (no amulet)
HPRegen 0.27/turn                (no ring)
MPRegen 0.09/turn                (no ring)

@: no status effects
A: AC +5, unfitting armour, cold-blooded
a: no special abilities


You were on level 3 of the Dungeon.
You visited 1 branch of the dungeon, and saw 3 of its levels.

You collected 109 gold pieces.

Inventory:

Hand Weapons
 a - a +0 long sword (weapon)
 o - a +1 dagger of holy wrath
Missiles
 c - 2 throwing nets (quivered)
 d - a javelin
Armour
 b - a +0 hat (worn)
 k - a +0 pair of gloves (worn)
Jewellery
 g - a ring of magical power
 p - a ring of ice
Wands
 n - a wand of flame (22)
 u - a wand of quicksilver (8)
Scrolls
 f - 2 scrolls of immolation {unknown}
 h - a scroll of identify {unknown}
 j - a scroll of acquirement {unknown}
 l - a scroll of blinking {unknown}
 m - a scroll of teleportation {unknown}
 r - a scroll of noise {unknown}
 t - a scroll of vulnerability {unknown}
Potions
 e - a potion of lignification {unknown}
 i - 2 potions of curing {unknown}
 q - a potion of haste {unknown}
 s - 2 potions of brilliance {unknown}


   Skills:
 + Level 3.9 Fighting
 + Level 4.2 Long Blades
 - Level 1.7 Throwing
 + Level 3.8 Dodging


You had 4 spell levels left.
You didn't know any spells.
Your spell library contained the following spells:

 Spells                   Type           Power      Damage    Failure   Level
 Lesser Beckoning         Tloc           0%         N/A       52%         2
 Gell's Gravitas          Tloc           0%         N/A       77%         3
 Teleport Other           Tloc           0%         N/A       77%         3


Dungeon Overview and Level Annotations

Branches:
Dungeon (3/15)

Altars:

Annotations:
D:1 2 transporters
D:3 Ijyb


Innate Abilities, Weirdness & Mutations

Your plain brown scales are hard. (AC +5)
You cannot fit into any form of body armour.
You are cold-blooded and may be slowed by cold attacks.


Message History

Ijyb hits you but does no damage. The hobgoblin hits you.
Ijyb hits you with a +0 dagger. The hobgoblin barely misses you.
You barely miss Ijyb.
Your tail-slap misses Ijyb.
Ijyb is moderately wounded.
Ijyb screams, "No!
No, no, no, no!"
Ijyb zaps a wand.
The bolt of dispelling energy hits you! The hobgoblin hits you.
You are too injured to fight recklessly!
You hit Ijyb.
Your tail-slap misses Ijyb.
Ijyb is moderately wounded.
Ijyb hits you but does no damage.
The hobgoblin hits you but does no damage.
You slash Ijyb!
Ijyb is severely wounded.
Ijyb drinks a potion.
Ijyb is healed!
The hobgoblin misses you.
You barely miss Ijyb.
Ijyb zaps a wand.
The bolt of dispelling energy misses you.
The hobgoblin hits you but does no damage.
You closely miss Ijyb. Ijyb hits you with a +0 dagger.
The hobgoblin misses you. Ijyb closely misses you.
The hobgoblin closely misses you.
You barely miss Ijyb.
Your tail-slap misses Ijyb.
Ijyb hits you but does no damage. The hobgoblin barely misses you.
You barely miss Ijyb. Ijyb hits you but does no damage.
The hobgoblin hits you but does no damage.
You closely miss Ijyb.
Your tail-slap misses Ijyb.
Ijyb zaps a wand.
The bolt of dispelling energy hits you!
* * * LOW HITPOINT WARNING * * *
The hobgoblin misses you.
Throw: 3 throwing nets
Press: ? - help, Q - select action, (/) - cycle Shift-Dir - straight line, f - Ijyb
Aim: Ijyb, wielding a +0 dagger, wearing a +0 leather armour and carrying a wand of quicksilver (5) (50% to hit)
You throw a throwing net. The throwing net hits Ijyb.
Ijyb is caught in the net!
Ijyb struggles against the net.
The hobgoblin hits you but does no damage.
You hit Ijyb. You tail-slap Ijyb.
Ijyb is moderately wounded.
Ijyb zaps a wand.
The bolt of dispelling energy hits you!
You die...

..## ≈≈≈ .#..## ≈≈
..... .. ###..# .
##...†. #. ##....^.
#.# ##......^
#.g#### #...>...†
#g@.?######...^^..^
####......##.^....^
#......##..^..^.
#......###....^.
#.......###.....
#.......#####..#
#........# ###.#
#......#.###...#
#......#.....###


You could see Ijyb (caught) and a hobgoblin.

Vanquished Creatures
  Natasha (thrice) (D:2)
  A gnoll (D:1)
  An adder (D:2)
  2 worms (D:3)
  A dart slug (D:3)
  4 orcs (D:3)
  5 ball pythons
  6 bats
  3 endoplasms
  2 giant cockroaches
  7 goblins
  9 hobgoblins
  4 quokkas
  4 frilled lizards
  4 kobolds
  7 rats
63 creatures vanquished.

Notes
Turn   | Place    | Note
-------+----------+-------------------------------------------
     0 | D:1      | ASSMAN the Draconian Gladiator began the quest for the Orb.
     0 | D:1      | Reached XP level 1. HP: 17/17 MP: 1/1
    57 | D:1      | Reached XP level 2. HP: 10/25 MP: 2/2
   323 | D:1      | Reached XP level 3. HP: 14/30 MP: 3/3
   829 | D:2      | Noticed Natasha
   832 | D:2      | Killed Natasha
   833 | D:2      | Reached XP level 4. HP: 34/38 MP: 4/4
   892 | D:2      | Noticed Natasha
   895 | D:2      | Killed Natasha
  1041 | D:2      | Noticed Natasha
  1050 | D:2      | Killed Natasha
  1051 | D:2      | Reached skill level 4 in Long Blades
  1209 | D:2      | Reached XP level 5. HP: 46/46 MP: 5/5
  1783 | D:3      | Noticed Ijyb
  1803 | D:3      | Killed from afar by Ijyb

Illustrated notes

Levels and vault maps discovered:
D:1:      spicycebolla_arrival_transporter_tutorial, layout_rooms
D:2:      layout_loops_ring, minmay_surrounded, uniq_natasha
D:3:      layout_rooms, mainiacjoe_overflow_surrounded_room,
          chequers_ecumenical_altar_island, nicolae_wormholes, uniq_ijyb

Skill      XL: |  1  2  3  4 |
---------------+-------------+-----
Dodging        | 3 |  3.8
Fighting       | 3 |  3.9
Long Blades    | 4 |  4.2
Throwing       | |  1.7

Action                   |  1- 3 |  4- 6 || total
-------------------------+-------+-------++-------
Melee: Long sword        |    86 |   110 ||   196
       Tailslap          |     7 |    16 ||    23
       Punch             |       |     1 ||     1
Throw: Throwing net      |       |     1 ||     1
 Stab: Sleeping          |       |     1 ||     1
Armor: Skin              |    42 |    41 ||    83
Dodge: Dodged            |    74 |    63 ||   137

Table legend: (Time is in decaauts)
 A = Elapsed time spent in this place.
 B = Non-inter-level travel time spent in this place.
 C = Inter-level travel time spent in this place.
 D = Time resting spent in this place.
 E = Time spent auto-exploring this place.
 F = Levels seen in this place.
 G = Mean time per level.
                   A        B        C        D        E       F      G
               +--------+--------+--------+--------+--------+-----+--------+
         Total |   1849 |   1772 |     77 |     11 |   1326 |   3 |  616.3 |
       Dungeon |   1849 |   1772 |     77 |     11 |   1326 |   3 |  616.3 |
               +--------+--------+--------+--------+--------+-----+--------+

Top non-repeatable levels by time:
     D:1: 768 daAuts
     D:2: 731 daAuts
     D:3: 350 daAuts
